 Dungeon Crawl Stone Soup version 0.24-a0-446-g87df7205b4 (webtiles) character file.

Game seed: 17796371181493670017

117 Peloso the Skirmisher (level 4, 0/41 HPs)
             Began as a Minotaur Fighter on June 23, 2019.
             Slain by Grinder (1 damage)
             ... on level 3 of the Dungeon.
             The game lasted 00:03:44 (1743 turns).

Peloso the Skirmisher (Minotaur Fighter)            Turns: 1743, Time: 00:03:45

Health: 0/41       AC: 16    Str: 20    XL:     4   Next: 71%
Magic:  3/3        EV:  4    Int:  5    God:
Gold:   28         SH:  9    Dex: 11    Spells: 3/3 levels left

rFire    . . .     SeeInvis .   a - +0 long sword
rCold    . . .     Gourm    .   c - +0 shield
rNeg     + . .     Faith    .   b - +0 plate armour
rPois    .         Spirit   .   (helmet restricted)
rElec    .         Reflect  .   (no cloak)
rCorr    .         Harm     .   o - +0 pair of gloves
MR       .....                  (no boots)
Stlth    ..........             (no amulet)
HPRegen  0.13/turn              j - +3 ring of protection
MPRegen  0.08/turn              l - ring of positive energy

@: no status effects
A: retaliatory headbutt, horns 2
a: no special abilities


You were on level 3 of the Dungeon.
You were not hungry.

You visited 1 branch of the dungeon, and saw 3 of its levels.

You collected 28 gold pieces.

Inventory:

Hand Weapons
 a - a +0 long sword (weapon)
Armour
 b - a +0 plate armour (worn)
 c - a +0 shield (worn)
 o - a +0 pair of gloves (worn)
Jewellery
 j - a +3 ring of protection (left hand)
 l - a ring of positive energy (right hand)
Wands
 r - a wand of iceblast (7)
Scrolls
 e - 2 scrolls of random uselessness {unknown}
 g - a scroll of immolation {unknown}
 h - 2 scrolls of teleportation {unknown}
 k - a scroll of identify {unknown}
 m - a scroll of fog {unknown}
 n - a scroll of remove curse {unknown}
 u - a scroll of blinking {unknown}
Potions
 d - a potion of might
 i - a potion of ambrosia {unknown}
 p - a potion of curing {unknown}
 s - a potion of haste {unknown}
 t - a potion of lignification {unknown}
Comestibles
 f - 8 rations
 q - a chunk of flesh


   Skills:
 + Level 4.4 Fighting
 + Level 4.4 Long Blades
 + Level 4.3 Armour
 + Level 0.2 Dodging
 + Level 4.2 Shields


You had 3 spell levels left.
You didn't know any spells.
Your spell library was empty.

Dungeon Overview and Level Annotations

Branches:
Dungeon (3/15)

Altars:

Annotations:
D:3 Grinder


Innate Abilities, Weirdness & Mutations

You reflexively headbutt those who attack you in melee.
You have a pair of horns on your head.


Message History

You kill the bat!
Grinder blinks!
There is an open door here.
Grinder says, "DUCK!"
Grinder gestures at you.
You suddenly lose the ability to move!
Grinder gestures at you. Pain shoots through your body!
* * * LOW HITPOINT WARNING * * *
Grinder hits you but does no damage. x2
Grinder hits you!
* * * LOW HITPOINT WARNING * * *
You writhe in agony.
* * * LOW HITPOINT WARNING * * *
You can move again.
Unknown command.
You hit Grinder. You headbutt Grinder, but do no damage.
Grinder is severely wounded.
Grinder hits you.
You die...

###.######.##.#
..#.........#.#
######.########..#.#####
........# #..#.....#
........# #..####.##
........# #..# #.#
.....(..#######..# #.#
........'...[....# #.#
.......@########.####.#
.......5#.............#
#.........#.######.######
#.........#.##.........#
#.........#.##.####.##.#
#.........#.##.......#.#
#.........#.......#..#.#
............#####.#..#.#
..>.............#.#..#.#


You could see Grinder.

Vanquished Creatures
  4 adders (D:2)
  An ooze (D:1)
  A worm (D:2)
  2 dart slugs (D:1)
  A leopard gecko (D:3)
  7 orcs (D:3)
  A ball python (D:1)
  4 bats
  3 giant cockroaches
  12 hobgoblins
  2 jackals (D:1)
  6 frilled lizards
  7 goblins
  5 kobolds
  2 rats (D:1)
58 creatures vanquished.

Notes
Turn   | Place    | Note
-------+----------+-------------------------------------------
     0 | D:1      | Peloso the Minotaur Fighter began the quest for the Orb.
     0 | D:1      | Reached XP level 1. HP: 19/19 MP: 0/0
    71 | D:1      | Reached XP level 2. HP: 27/27 MP: 1/1
   402 | D:1      | Reached XP level 3. HP: 33/33 MP: 2/2
  1118 | D:2      | Reached XP level 4. HP: 40/40 MP: 3/3
  1700 | D:3      | Noticed Grinder
  1700 | D:3      | Paralysed by Grinder for 2 turns
  1718 | D:3      | Paralysed by Grinder for 4 turns
  1738 | D:3      | Paralysed by Grinder for 5 turns
  1742 | D:3      | HP: 1/41 [Grinder (2)]
  1743 | D:3      | Slain by Grinder

Levels and vault maps discovered:
D:1:      elethiomel_arrival_maze, layout_loops_ring,
          chequers_serial_rivers_marsh
D:2:      layout_loops_corners, first_ration
D:3:      layout_basic, uniq_grinder

Skill      XL: |  1  2  3  4 |
---------------+-------------+-----
Fighting       | 4 |  4.4
Armour         | 4 |  4.3
Shields        | 4 |  4.2
Long Blades    | 3 4 |  4.4
Dodging        | |  0.2

Action                   |  1- 3 |  4- 6 || total
-------------------------+-------+-------++-------
Melee: Long sword        |    92 |    72 ||   164
       Headbutt          |    14 |    16 ||    30
  Eat: Chunk             |       |     3 ||     3
Armor: Scale mail        |     3 |       ||     3
       Plate armour      |    56 |    51 ||   107
Dodge: Dodged            |    11 |    15 ||    26
Block: Shield            |    37 |    48 ||    85
       Rpst.: Long sword |     4 |     5 ||     9

Table legend:
 A = Non-vault XP
 B = Vault XP
 C = Vault XP percentage of total XP
 D = Non-vault monster count
 E = Vault monster count
 F = Vault count percentage of total count
                 A         B        C        D         E       F
            +---------+---------+-------+---------+---------+-------
      Total |     168 |       0 |   0.0 |      58 |       0 |   0.0
            +---------+---------+-------+---------+---------+-------
        D:1 |      53 |       0 |   0.0 |      26 |       0 |   0.0
        D:2 |      83 |       0 |   0.0 |      20 |       0 |   0.0
        D:3 |      32 |       0 |   0.0 |      12 |       0 |   0.0
            +---------+---------+-------+---------+---------+-------
